 Dungeon Crawl Stone Soup version 0.31-a0-188-g5e087ee2ca (webtiles) character file.

Game seed: 11769243153957320990

211 qw the Skirmisher (level 5, 0/30 HPs)
             Began as a Deep Elf Hunter on June 23, 2023.
             Succumbed to an adder's poison
             ... on level 2 of the Dungeon.
             The game lasted 00:00:32 (1428 turns).

qw the Skirmisher (Deep Elf Hunter)                 Turns: 1428, Time: 00:00:33

Health: 0/30       AC:  5    Str: 10    XL:     5   Next: 57%
Magic:  7/7        EV: 11    Int: 14    God:
Gold:   129        SH:  0    Dex: 18    Spells: 4/4 levels left

rFire   . . .        Y - +2 shortbow
rCold   . . .        (shield currently unavailable)
rNeg    . . .        i - +0 ring mail
rPois   .            (no helmet)
rElec   .            (no cloak)
rCorr   .            (no gloves)
SInv    .            (no boots)
Will    .....        (no amulet)
Stlth   +            (no ring)
HPRegen 0.25/turn    (no ring)
MPRegen 0.10/turn

%: no passive effects
@: lethally poisoned (0 -> -1)
A: no striking features
a: no special abilities


You were on level 2 of the Dungeon.
You visited 1 branch of the dungeon, and saw 2 of its levels.

You collected 129 gold pieces.


   Skills:
 + Level 1.9 Fighting
 - Level 9.0 Ranged Weapons
 - Level 2.4 Dodging
 - Level 1.2 Stealth


You had 4 spell levels left.
You didn't know any spells.
Your spell library was empty.

Inventory:

Hand Weapons
 Y - a +2 shortbow (weapon)
Armour
 i - a +0 ring mail (worn)
Jewellery
 a - a +6 ring of dexterity
Scrolls
 c - a scroll of brand weapon {unknown}
Potions
 b - a potion of haste {unknown}
 d - a potion of cancellation {unknown}
 e - a potion of might {unknown}
 f - 2 potions of brilliance {unknown}
 g - a potion of curing {unknown}

Dungeon Overview and Level Annotations

Branches:
Dungeon (2/15)

Altars:

Annotations:
D:2 1 runed translucent door, Crazy Yiuf


Message History

Enter note:
Enter note:
Enter note:
Enter note:
Enter note:
Enter note:
Enter note:
Enter note:
Enter note:
Enter note:
Enter note: You shoot an arrow.
The arrow closely misses the adder.
You feel sick. The adder bites you.
You are more poisoned.
The adder poisons you!
You shoot an arrow. The arrow hits the adder.
The adder is heavily wounded.
You feel sick. The adder bites you. x2
You are more poisoned.
The adder poisons you!
You shoot an arrow. The arrow hits the adder.
The adder is almost dead.
You feel very sick. The adder misses you.
You shoot an arrow. The arrow misses the adder.
You feel very sick. The adder closely misses you. The adder bites you.
You shoot an arrow. The arrow barely misses the adder.
You feel sick. The adder closely misses you.
You shoot an arrow. The arrow barely misses the adder.
You feel sick. The adder bites you but does no damage.
You shoot an arrow. The arrow closely misses the adder.
You feel sick. The adder misses you. The adder bites you but does no damage.
You shoot an arrow. The arrow hits the adder!
You kill the adder!
You feel sick.
There is a lethal amount of poison in your body!
You feel sick.
There is a lethal amount of poison in your body!
You die...

##########.#.#.###.###
..........#'###.###
#########..........
#..........
#..........
########..........
#..........#......
#.##########...... #@#
#...... #.....#
#......
################......
#..)..............
#.##########......
###.##### #......
#.......# #......
#######.# #...... #.#
#####.#


There were no monsters in sight!

Vanquished Creatures
  Sigmund (D:2)
  An adder (D:2)
  5 ball pythons
  5 bats
  4 endoplasms
  A giant cockroach (D:2)
  6 goblins
  3 hobgoblins
  5 quokkas
  3 frilled lizards
  3 kobolds
  2 rats
39 creatures vanquished.

Notes
Turn   | Place    | Note
-------+----------+-------------------------------------------
     0 | D:1      | qw the Deep Elf Hunter began the quest for the Orb.
     0 | D:1      | Reached XP level 1. HP: 12/12 MP: 3/3
     0 | D:1      | 0 ||| qw: Version: 0.3-a-9-g12657ce
     0 | D:1      | 0 ||| qw: Game counter: 3764
     0 | D:1      | 0 ||| qw: Always use a shield: true
     0 | D:1      | 0 ||| qw: God list: Okawaru
     0 | D:1      | 0 ||| qw: Allow faded altars: false
     0 | D:1      | 0 ||| qw: Do Orc after D:15 true
     0 | D:1      | 0 ||| qw: Do second Lair branch before Depths: true
     0 | D:1      | 0 ||| qw: Lair rune preference: random
     0 | D:1      | 0 ||| qw: Plans: Normal
     0 | D:1      | 0 ||| PLANNING D:1-11
    19 | D:1      | 19 ||| FLEEEEING.
    20 | D:1      | 20 ||| FLEEEEING.
    21 | D:1      | 21 ||| FLEEEEING.
    22 | D:1      | 22 ||| FLEEEEING.
    23 | D:1      | 23 ||| FLEEEEING.
    24 | D:1      | 24 ||| FLEEEEING.
    25 | D:1      | 25 ||| FLEEEEING.
    26 | D:1      | 26 ||| FLEEEEING.
    27 | D:1      | 27 ||| FLEEEEING.
   241 | D:1      | Reached skill level 6 in Ranged Weapons
   241 | D:1      | Reached XP level 2. HP: 11/16 MP: 4/4
   657 | D:1      | 657 ||| UPGRADING to +0 scale mail.
   667 | D:1      | 667 ||| DROPPING +0 leather armour.
   668 | D:1      | 668 ||| UPGRADING to +0 ring mail.
   678 | D:1      | 678 ||| DROPPING +0 scale mail.
   679 | D:1      | 679 ||| READING scroll labelled JOAMPY JOLAIV.
   680 | D:1      | 680 ||| READING scroll labelled JUOCKO VIOMEOT.
   709 | D:1      | 709 ||| READING scroll labelled LEBENTICHA.
   710 | D:1      | 710 ||| READING scroll labelled YJIEXA PAGIREGH.
   711 | D:1      | 711 ||| DROPPING scroll of butterflies.
   734 | D:2      | 734 ||| STAIRDANCE
   762 | D:2      | Reached XP level 3. HP: 20/20 MP: 5/5
   780 | D:2      | Noticed Sigmund
   784 | D:2      | HP: 5/20 [Sigmund/+0 scythe (6)]
   791 | D:2      | Killed Sigmund
   792 | D:2      | Reached skill level 8 in Ranged Weapons
   792 | D:2      | Reached XP level 4. HP: 9/25 MP: 6/6
   792 | D:2      | Reached XP level 5. HP: 10/29 MP: 7/7
   930 | D:2      | Reached skill level 9 in Ranged Weapons
  1206 | D:2      | Found a runed translucent door.
  1207 | D:2      | Noticed Crazy Yiuf
  1257 | D:2      | 1257 ||| READING scroll of enchant weapon.
  1257 | D:2      | 1257 ||| ENCHANTING +1 shortbow.
  1422 | D:2      | HP: 6/30 [adder (3)]
  1426 | D:2      | HP: 2/30 [poisoned by an adder]
  1428 | D:2      | Succumbed to an adder's poison

Levels and vault maps discovered:
D:1:      minmay_arrival_diagonal_passages, layout_loops_cross, st_stairs_9,
          kennysheep_decorative_pillar
D:2:      layout_basic, minmay_misc_feat_encased, uniq_sigmund,
          uniq_crazy_yiuf_cottage

Skill      XL: |  1  2  3  4  5 |
---------------+----------------+-----
Ranged Weapons | 6 8 9 |  9.0
Fighting       | |  1.9
Dodging        | |  2.4
Stealth        | |  1.2

Action                     |  1- 3 |  4- 6 || total
---------------------------+-------+-------++-------
   Fire: Shortbow          |    84 |    32 ||   116
    Use: Scroll            |     4 |     1 ||     5
 Armour: Ring mail         |     6 |     2 ||     8
         Leather armour    |     5 |       ||     5
  Dodge: Dodged            |    40 |     7 ||    47

Table legend:
 A = Non-vault XP
 B = Vault XP
 C = Vault XP percentage of total XP
 D = Non-vault monster count
 E = Vault monster count
 F = Vault count percentage of total count
                 A         B        C        D         E       F
            +---------+---------+-------+---------+---------+-------
      Total |      71 |     231 |  76.5 |      35 |       4 |  10.3
            +---------+---------+-------+---------+---------+-------
        D:1 |      32 |       5 |  13.5 |      18 |       3 |  14.3
        D:2 |      39 |     226 |  85.3 |      17 |       1 |   5.6
            +---------+---------+-------+---------+---------+-------
